 Dungeon Crawl Stone Soup version 0.28.0 (webtiles) character file.

Game seed: 16012570422342214780

483 oldriver the Skirmisher (level 7, -1/59 HPs)
             Began as a Formicid Abyssal Knight on Feb 11, 2022.
             Was a Priest of Lugonu.
             Slain by Eustachio (4 damage)
             ... on level 5 of the Dungeon.
             The game lasted 00:05:50 (5416 turns).

oldriver the Skirmisher (Formicid Abyssal Knight)   Turns: 5416, Time: 00:05:50

Health: -1/59      AC:  8    Str: 19    XL:     7   Next: 34%
Magic:  8/8        EV:  7    Int: 16    God:    Lugonu [***...]
Gold:   158        SH:  0    Dex: 11    Spells: 6/6 levels left

rFire   . . .      SeeInvis +   a - +1 hand axe
rCold   . . .      Faith    .   (no shield)
rNeg    . . .      Spirit   .   q - +0 chain mail
rPois   .          Reflect  .   (helmet unavailable)
rElec   .          Harm     .   (no cloak)
rCorr   +          Rampage  .   (no gloves)
Will    .....                   (no boots)
Stlth   ..........              (no amulet)
HPRegen 0.19/turn               g - +6 ring of intelligence
MPRegen 0.11/turn               k - ring of resist corrosion

@: lethally poisoned (-1 -> -24)
A: permanent stasis, dig shafts and tunnels, antennae 3, four strong arms
a: Dig, Shaft Self, Renounce Religion, Depart the Abyss, Bend Space, Banish


You were on level 5 of the Dungeon.
You worshipped Lugonu.
Lugonu was most pleased with you.
You visited 1 branch of the dungeon, and saw 5 of its levels.
You visited the Abyss 1 time.

You collected 158 gold pieces.

Inventory:

Hand Weapons
 a - a +1 hand axe (weapon)
Missiles
 m - 45 sling bullets
Armour
 q - a +0 chain mail (worn)
Jewellery
 g - a +6 ring of intelligence (left hand)
 k - a ring of resist corrosion (right hand)
Wands
 o - a wand of polymorph (13)
Scrolls
 b - a scroll of noise {unknown}
 d - 3 scrolls of enchant armour {unknown}
 i - a scroll of acquirement {unknown}
 j - 2 scrolls of teleportation {unknown}
 l - 3 scrolls of enchant weapon {unknown}
 n - a scroll of vulnerability {unknown}
 p - a scroll of amnesia {unknown}
 r - a scroll of blinking {unknown}
Potions
 c - a potion of lignification {unknown}
 e - 2 potions of brilliance
 h - 2 potions of might
 s - a potion of flight {unknown}
 t - a potion of resistance {unknown}
 u - 2 potions of mutation {unknown}


   Skills:
 + Level 6.5 Fighting
 + Level 5.4 Axes
 - Level 2.1 Armour
 - Level 0.8 Dodging
 - Level 2.1 Invocations


You had 6 spell levels left.
You didn't know any spells.
Your spell library was empty.

Dungeon Overview and Level Annotations

Branches:
Dungeon (5/15)
 Temple: D:4-7

Altars:
Ru
Sif Muna

Shops:
D:4 :

Annotations:
D:3 3 runed translucent doors, indyram44's ghost, amateur DsGl
D:5 Eustachio


Innate Abilities, Weirdness & Mutations

You cannot be hasted, slowed, berserked, paralysed or teleported.
You can dig through walls and to a lower floor.
You have a pair of large antennae on your head. (SInv)
Your four strong arms can wield two-handed weapons with a shield.


Message History

Eustachio barely misses you. The iron imp barely misses you.
You closely miss Eustachio.
Eustachio is lightly wounded.
You hit the iron imp.
You feel sick.
Eustachio hits you with a +2 rapier of venom!
You are more poisoned.
You miss Eustachio.
Eustachio is lightly wounded.
You barely miss the iron imp.
You feel very sick.
The iron imp hits you but does no damage.
Eustachio hits you but does no damage.
You are lethally poisoned!
You closely miss Eustachio.
Eustachio is lightly wounded.
You hit the iron imp.
You feel very sick.
The iron imp hits you but does no damage.
Eustachio barely misses you.
Press: ? - help, v - describe, . - travel
Here: Eustachio, wielding a +2 rapier of venom and wearing a +0 leather armour (lightly wounded)
The floor.
You completely miss Eustachio.
Eustachio is lightly wounded.
You hit the iron imp.
You kill the iron imp!
The iron imp disappears in a puff of smoke!
* * * LOW HITPOINT WARNING * * *
You feel very sick.
Eustachio hits you with a +2 rapier of venom.
* * * LOW HITPOINT WARNING * * *
You are more poisoned.
You barely miss Eustachio.
Eustachio is lightly wounded.
You hit the crimson imp.
* * * LOW HITPOINT WARNING * * *
You feel extremely sick.
The crimson imp hits you but does no damage.
Eustachio hits you with a +2 rapier of venom.
You die...

.....................
#..#..#.............
....................
.#..#..#..#+#####.##.
.............#######
##################+.........
........# #...#.........
........# #...#.........
........# #.@.#.........
#.#############5@##..####...
#.###..###...##..##..## .#
....#...#.............. .
....#...#..............
....#...#..............
....#...#...............
>...#...#............... ...
##.###'####..#######..# ...#


You could see Eustachio and a crimson imp (summoned).

Vanquished Creatures
  A wyvern (D:4)
  A scorpion (D:5)
  An orc priest (D:4)
  A bullfrog skeleton (D:4)
  2 iguanas
  An orc wizard (D:3)
  A gnoll (D:4)
  3 adders
  An adder skeleton (D:4)
  A worm (D:2)
  A dart slug (D:2)
  13 orcs
  9 endoplasms
  6 giant cockroaches
  8 goblins
  7 hobgoblins
  4 jackals
  3 kobolds
  A quokka (D:4)
  6 ball pythons
  2 bats
  4 frilled lizards
  3 rats
80 creatures vanquished.

Vanquished Creatures (others)
  9 plants (D:2)
9 creatures vanquished.

Grand Total: 89 creatures vanquished

Notes
Turn   | Place    | Note
-------+----------+-------------------------------------------
     0 | Abyss:1  | oldriver the Formicid Abyssal Knight began the quest for
                  | the Orb.
     0 | Abyss:1  | Reached XP level 1. HP: 18/18 MP: 2/2
    71 | Abyss:1  | Found a corrupted altar of Lugonu.
   105 | D:1      | Escaped the Abyss
   212 | D:1      | Found a faded altar of an unknown god.
   227 | D:1      | Reached XP level 2. HP: 18/24 MP: 3/3
  1080 | D:2      | Reached XP level 3. HP: 26/30 MP: 4/4
  1085 | D:2      | Reached ** piety under Lugonu
  1086 | D:2      | Reached skill level 4 in Fighting
  1519 | D:2      | Reached XP level 4. HP: 37/37 MP: 5/5
  1844 | D:3      | Found a runed translucent gate.
  1844 | D:3      | Found a runed translucent gate.
  1845 | D:3      | Found a runed translucent gate.
  1849 | D:3      | Found a shimmering blue altar of Sif Muna.
  1865 | D:3      | Noticed indyram44's ghost (amateur DsGl)
  1926 | D:3      | Found a sacrificial altar of Ru.
  2926 | D:4      | Found Ukkos's Book Emporium.
  3134 | D:4      | Reached XP level 5. HP: 43/43 MP: 6/6
  3150 | D:4      | Noticed an ogre
  3746 | D:4      | Reached skill level 5 in Fighting
  4256 | D:4      | Reached XP level 6. HP: 51/51 MP: 7/7
  4568 | D:4      | Noticed a wyvern
  4587 | D:4      | Reached *** piety under Lugonu
  4588 | D:4      | Killed a wyvern
  4589 | D:4      | Reached skill level 6 in Fighting
  4589 | D:4      | Reached skill level 5 in Axes
  4589 | D:4      | Reached XP level 7. HP: 18/58 MP: 5/8
  4599 | D:5      | Entered Level 5 of the Dungeon
  5383 | D:5      | Noticed Eustachio
  5416 | D:5      | Slain by Eustachio

Illustrated notes

Levels and vault maps discovered:
D:1:      dpeg_arrival_shrine, layout_loops_ring,
          shapermc_ecumenical_altar_starsandcircs, moated_statue
D:2:      layout_rooms, grunt_ministairs_7, serial_bayou_crossing
D:3:      layout_basic, mainiacjoe_overflow_large_starburst,
          gammafunk_ghost_split
D:4:      layout_basic, serial_shops, nicolae_shop_waterfront,
          minmay_manual_mail
D:5:      layout_gridville, minmay_temple_entry_mini_moons, hex_tiny,
          columned_hall_lemuel, roderic_batcave, uniq_sigmund, uniq_eustachio,
          uniq_pikel

Skill      XL: |  1  2  3  4  5  6 |
---------------+-------------------+-----
Fighting       | 4 5 6 |  6.5
Axes           | 3 4 5 |  5.4
Armour         | |  2.1
Dodging        | |  0.8
Invocations    | |  2.1

Action                   |  1- 3 |  4- 6 |  7- 9 || total
-------------------------+-------+-------+-------++-------
Melee: Hand axe          |    80 |   170 |    33 ||   283
       Punch             |       |     1 |     1 ||     2
Throw: Dart              |       |     9 |       ||     9
Invok: Bend Space        |       |     4 |     1 ||     5
  Use: Potion            |       |     3 |     2 ||     5
Armor: Leather armour    |    25 |     1 |       ||    26
       Chain mail        |       |    57 |    14 ||    71
Dodge: Dodged            |    43 |    59 |    15 ||   117
